 Dungeon Crawl Stone Soup version 0.31-a0-202-g547052bce9 (webtiles) character file.

Game seed: 15739696411741041498

46 qw the Shooter (level 3, 0/20 HPs)
             Began as a Deep Elf Hunter on June 26, 2023.
             Succumbed to their own poison gas
             ... on level 2 of the Dungeon.
             The game lasted 00:00:26 (1340 turns).

qw the Shooter (Deep Elf Hunter)                    Turns: 1340, Time: 00:00:26

Health: 0/20       AC:  8    Str: 10    XL:     3   Next: 46%
Magic:  5/5        EV: 11    Int: 13    God:
Gold:   116        SH:  0    Dex: 18    Spells: 2/2 levels left

rFire   . . .        Y - +0 shortbow
rCold   . . .        (shield currently unavailable)
rNeg    . . .        k - +0 ring mail
rPois   .            e - +0 helmet
rElec   .            (no cloak)
rCorr   .            i - +0 pair of gloves
SInv    .            n - +0 pair of boots
Will    .....        (no amulet)
Stlth   +            (no ring)
HPRegen 0.23/turn    (no ring)
MPRegen 0.09/turn

%: no passive effects
@: lethally poisoned (0 -> -7)
A: no striking features
a: no special abilities


You were on level 2 of the Dungeon.
You visited 1 branch of the dungeon, and saw 2 of its levels.

You collected 116 gold pieces.


   Skills:
 - Level 1.5 Fighting
 + Level 7.0 Ranged Weapons
 - Level 2.4 Dodging
 - Level 1.2 Stealth


You had 2 spell levels left.
You didn't know any spells.
Your spell library was empty.

Inventory:

Hand Weapons
 Y - a +0 shortbow (weapon)
Armour
 e - a +0 helmet (worn)
 i - a +0 pair of gloves (worn)
 k - a +0 ring mail (worn)
 n - a +0 pair of boots (worn)
Scrolls
 a - a scroll of identify
Potions
 b - a potion of attraction {unknown}
 d - a potion of might {unknown}
 f - a potion of heal wounds {unknown}
 j - 2 potions of enlightenment
 l - a potion of curing {unknown}

Dungeon Overview and Level Annotations

Branches:
Dungeon (2/15)

Altars:
The Shining One


Message History

Press: ? - help, Dir - move target, f - you Are you sure you want to cancel this blink?
As you read the scroll labelled UCKYBB VEHYUTH, it crumbles to dust.
It was a scroll of blinking.
Done exploring.
1334 ||| READING scroll labelled MOETOSTUGRI.
As you read the scroll labelled MOETOSTUGRI, it crumbles to dust.
You assume a fearsome visage.
Nothing appears to happen.
It was a scroll of fear.
Done exploring.
1335 ||| READING scroll labelled OJEKHE FASTRIS.
The air fills with toxic fumes!
As you read the scroll labelled OJEKHE FASTRIS, it crumbles to dust.
It was a scroll of poison.
Done exploring.
(D) Dungeon
Where to? (* - list waypoints, Enter - D:2, ? - help)
What level of the Dungeon? (default 1, ? - help) Sorry, I don't know how to get there.
Enter note:
Enter note:
Enter note:
Enter note:
Enter note:
Enter note:
Enter note:
Enter note:
Enter note: Really walk into that cloud of poison gas?
You are engulfed in poison gas.
You are lethally poisoned!
You feel very sick.
1337 ||| Stepping ~*~*~tactically~*~*~ (cloud).
You feel very sick.
There is a lethal amount of poison in your body!
You feel very sick.
There is a lethal amount of poison in your body!
You feel sick.
There is a lethal amount of poison in your body!
You die...

#####....##
########..#######
..............¤¤#
#####...#.#####¤#
..###)..#0#####¤#
...%....#¤¤¤¤##¤#
...).....###¤¤#¤#
.....#...#
##¤0¤##
.....#...#
#¤¤¤¤@#
.>..##...#
#¤¤¤¤¤#
.........#
#¤¤¤¤¤#
.....#...#
#¤¤¤¤¤#
..#.##..>#
#¤0¤¤¤#
###.##...#
###¤¤##
.##.##...# #¤¤#
.##.##########..#
##...........%..#


There were no monsters in sight!

Vanquished Creatures
  An adder (D:2)
  3 endoplasms
  3 goblins (D:2)
  3 hobgoblins (D:2)
  2 jackals (D:2)
  3 quokkas
  5 ball pythons
  5 bats
  3 frilled lizards
  4 kobolds
  2 rats
34 creatures vanquished.

Notes
Turn   | Place    | Note
-------+----------+-------------------------------------------
     0 | D:1      | qw the Deep Elf Hunter began the quest for the Orb.
     0 | D:1      | Reached XP level 1. HP: 12/12 MP: 3/3
     0 | D:1      | 0 ||| qw: Version: 0.3-a-22-g0ed2b0b
     0 | D:1      | 0 ||| qw: Game counter: 5775
     0 | D:1      | 0 ||| qw: Melee chars always use a shield: true
     0 | D:1      | 0 ||| qw: God list: Okawaru
     0 | D:1      | 0 ||| qw: Allow faded altars: false
     0 | D:1      | 0 ||| qw: Do Orc after clearing Dungeon:15 true
     0 | D:1      | 0 ||| qw: Do second Lair branch before Depths: true
     0 | D:1      | 0 ||| qw: Lair rune preference: random
     0 | D:1      | 0 ||| qw: Goals: Normal
     0 | D:1      | 0 ||| PLANNING D:1-11
   474 | D:1      | Reached XP level 2. HP: 16/16 MP: 4/4
   503 | D:1      | Reached skill level 6 in Ranged Weapons
   734 | D:1      | 734 ||| UPGRADING to +0 helmet.
   739 | D:1      | 739 ||| UPGRADING to +0 ring mail.
   749 | D:1      | 749 ||| DROPPING +0 leather armour.
   750 | D:1      | 750 ||| DROPPING ring of wizardry.
   751 | D:1      | 751 ||| READING scroll labelled NARGHOU QISIOM.
   752 | D:1      | 752 ||| READING scroll labelled HAUTOO WUDADUV.
   753 | D:1      | 753 ||| DRINKING 2 green potions.
   754 | D:1      | 754 ||| DROPPING scroll of butterflies.
   794 | D:2      | Identified the +1 dagger "Wuunkys" {flame, rF+ Str+3}
   944 | D:2      | Reached XP level 3. HP: 11/20 MP: 5/5
  1187 | D:2      | Found a glowing golden altar of the Shining One.
  1191 | D:2      | Reached skill level 7 in Ranged Weapons
  1319 | D:2      | 1319 ||| UPGRADING to +0 pair of gloves.
  1324 | D:2      | 1324 ||| UPGRADING to +0 pair of boots.
  1329 | D:2      | 1329 ||| READING scroll labelled DOUNWEXK NIMAU.
  1333 | D:2      | 1333 ||| READING scroll labelled UCKYBB VEHYUTH.
  1334 | D:2      | 1334 ||| READING scroll labelled MOETOSTUGRI.
  1335 | D:2      | 1335 ||| READING scroll labelled OJEKHE FASTRIS.
  1337 | D:2      | 1337 ||| Stepping ~*~*~tactically~*~*~ (cloud).
  1338 | D:2      | HP: 4/20 [poisoned by you (poison gas)]
  1340 | D:2      | Succumbed to their own poison gas

Levels and vault maps discovered:
D:1:      nagdon_arrival_zigzag_paths, layout_basic
D:2:      layout_rooms, basic_altar, minmay_tiny_reverse_x

Skill      XL: |  1  2  3 |
---------------+----------+-----
Ranged Weapons | 6 7 |  7.0
Fighting       | |  1.5
Dodging        | |  2.4
Stealth        | |  1.2

Action                     || total
---------------------------++-------
   Fire: Shortbow          ||    71
    Use: Scroll            ||     6
         Potion            ||     1
 Armour: Leather armour    ||     1
         Ring mail         ||     7
  Dodge: Dodged            ||    14

Table legend:
 A = Non-vault XP
 B = Vault XP
 C = Vault XP percentage of total XP
 D = Non-vault monster count
 E = Vault monster count
 F = Vault count percentage of total count
                 A         B        C        D         E       F
            +---------+---------+-------+---------+---------+-------
      Total |      53 |      14 |  20.9 |      32 |       2 |   5.9
            +---------+---------+-------+---------+---------+-------
        D:1 |      22 |       0 |   0.0 |      15 |       0 |   0.0
        D:2 |      31 |      14 |  31.1 |      17 |       2 |  10.5
            +---------+---------+-------+---------+---------+-------
